 Dungeon Crawl Stone Soup version 0.26-a0-52-gd53d4cd (webtiles) character file.

Game seed: 9941244733551184235

198 thirtiethelement the Shield-Bearer (level 5, -1/47 HPs)
             Began as a Gnoll Fighter on June 7, 2020.
             Slain by an orc warrior
             ... wielding a +2 trident of holy wrath
              (13 damage)
             ... on level 4 of the Dungeon.
             The game lasted 00:03:33 (2281 turns).

thirtiethelement the Shield-Bearer (Gnoll Fighter)  Turns: 2281, Time: 00:03:34

Health: -1/47      AC: 11    Str: 20    XL:     5   Next: 77%
Magic:  7/7        EV:  9    Int: 10    God:
Gold:   218        SH: 16    Dex: 14    Spells: 7/7 levels left

rFire    . . .     SeeInvis .   a - +0 war axe
rCold    . . .     Gourm    .   c - +0 kite shield
rNeg     . . .     Faith    .   b - +1 scale mail
rPois    .         Spirit   .   o - +1 helmet
rElec    .         Reflect  +   (no cloak)
rCorr    +         Harm     .   (no gloves)
MR       .....                  (no boots)
Stlth    ..........             k - amulet of reflection
HPRegen  0.15/turn              s - ring of resist corrosion
MPRegen  0.10/turn              (no ring)

@: no status effects
A: distributed training, fangs 1, strong nose
a: no special abilities


You were on level 4 of the Dungeon.
You were hungry.

You visited 1 branch of the dungeon, and saw 4 of its levels.

You collected 218 gold pieces.

Inventory:

Hand Weapons
 a - a +0 war axe (weapon)
Missiles
 q - 5 boomerangs (quivered)
Armour
 b - a +1 scale mail (worn)
 c - a +0 kite shield (worn)
 o - a +1 helmet (worn)
Jewellery
 k - an amulet of reflection (around neck)
 s - a ring of resist corrosion (left hand)
Scrolls
 e - a scroll of identify
 h - a scroll of teleportation
 i - a scroll of remove curse
 p - a scroll of magic mapping
 r - a scroll of blinking
 v - a scroll of amnesia
Potions
 d - a potion of might
 j - 2 potions of curing {unknown}
 l - a potion of heal wounds {unknown}
 m - 2 potions of flight {unknown}
 n - 2 potions of brilliance {unknown}
 t - a potion of lignification {unknown}
 u - 2 potions of haste {unknown}
Comestibles
 f - 8 rations


   Skills:
 + Level 6.7 Fighting
 + Level 1.6 Short Blades
 + Level 1.6 Long Blades
 + Level 4.8 Axes
 + Level 1.6 Maces & Flails
 + Level 1.6 Polearms
 + Level 1.6 Staves
 + Level 1.6 Slings
 + Level 1.6 Bows
 + Level 1.6 Crossbows
 + Level 1.6 Throwing
 + Level 6.7 Armour
 + Level 1.6 Dodging
 + Level 1.6 Stealth
 + Level 6.7 Shields
 + Level 1.6 Unarmed Combat
 + Level 1.6 Spellcasting
 + Level 1.2 Conjurations
 + Level 1.2 Hexes
 + Level 1.2 Charms
 + Level 1.2 Summonings
 + Level 1.2 Necromancy
 + Level 1.2 Translocations
 + Level 1.2 Transmutations
 + Level 1.2 Fire Magic
 + Level 1.2 Ice Magic
 + Level 1.2 Air Magic
 + Level 1.2 Earth Magic
 + Level 1.2 Poison Magic
 + Level 1.8 Invocations
 + Level 1.6 Evocations


You had 7 spell levels left.
You didn't know any spells.
Your spell library was empty.

Dungeon Overview and Level Annotations

Branches:
Dungeon (4/15)
 Temple: D:4-7

Altars:


Innate Abilities, Weirdness & Mutations

Your experience applies equally to all skills.
You have very sharp teeth.
Your uncanny sense of smell can sniff out nearby items.


Message History

You slash the orc priest!
You kill the orc priest!
You barely miss the jackal. You barely miss the orc wizard.
The jackal closely misses you. You block the orc warrior's attack.
The jackal bites you but does no damage.
The bullfrog skeleton barely misses you.
You block the orc wizard's attack.
The orc warrior hits you from afar with a +2 trident of holy wrath!
You miss the orc wizard.
The orc wizard is moderately wounded.
You hit the jackal. You hit the bullfrog skeleton.
The jackal bites you but does no damage.
The bullfrog skeleton hits you but does no damage.
You block the orc wizard's attack. You block the jackal's attack.
You block the bullfrog skeleton's attack.
The orc warrior hits you from afar with a +2 trident of holy wrath!
* * * LOW HITPOINT WARNING * * *
You block the jackal's attack.
The orc warrior hits you from afar with a +2 trident of holy wrath!
You die...

#.# ## #.# . ..
..# .. .. #.#
### .$ #.
#....?
#.#.###.#.#.###
#..........$...
#.##<#.#.#
#.@hZ...<#
........o.#.###
#########o#.#
#o# # ... ∆
####


You could see an orc warrior, 2 orc wizards, a jackal and a bullfrog skeleton.

Vanquished Creatures
  An orc priest (D:4)
  An orc wizard (D:3)
  6 adders
  2 oozes
  2 dart slugs
  3 leopard geckos
  4 orcs (D:3)
  5 bats
  5 giant cockroaches
  8 goblins
  9 hobgoblins
  A jackal (D:4)
  3 quokkas
  7 frilled lizards
  9 kobolds
  A rat (D:3)
67 creatures vanquished.

Vanquished Creatures (others)
  A kobold (D:3)
1 creature vanquished.

Grand Total: 68 creatures vanquished

Notes
Turn   | Place    | Note
-------+----------+-------------------------------------------
     0 | D:1      | thirtiethelement the Gnoll Fighter began the quest for the
                  | Orb.
     0 | D:1      | Reached XP level 1. HP: 23/23 MP: 1/1
   106 | D:1      | Reached XP level 2. HP: 23/29 MP: 2/2
   476 | D:1      | Reached XP level 3. HP: 35/35 MP: 3/3
   910 | D:2      | Reached skill level 1 in Invocations
   949 | D:2      | Reached skill level 1 in Short Blades
   949 | D:2      | Reached skill level 1 in Long Blades
   949 | D:2      | Reached skill level 1 in Maces & Flails
   949 | D:2      | Reached skill level 1 in Polearms
   949 | D:2      | Reached skill level 1 in Staves
   949 | D:2      | Reached skill level 1 in Slings
   949 | D:2      | Reached skill level 1 in Bows
   949 | D:2      | Reached skill level 1 in Crossbows
   949 | D:2      | Reached skill level 1 in Throwing
   949 | D:2      | Reached skill level 1 in Dodging
   949 | D:2      | Reached skill level 1 in Stealth
   949 | D:2      | Reached skill level 1 in Unarmed Combat
   949 | D:2      | Reached skill level 1 in Spellcasting
   949 | D:2      | Reached skill level 1 in Evocations
   949 | D:2      | Reached XP level 4. HP: 39/41 MP: 5/5
  1523 | D:3      | Reached skill level 1 in Conjurations
  1523 | D:3      | Reached skill level 1 in Hexes
  1523 | D:3      | Reached skill level 1 in Charms
  1523 | D:3      | Reached skill level 1 in Summonings
  1523 | D:3      | Reached skill level 1 in Necromancy
  1523 | D:3      | Reached skill level 1 in Translocations
  1523 | D:3      | Reached skill level 1 in Transmutations
  1523 | D:3      | Reached skill level 1 in Fire Magic
  1523 | D:3      | Reached skill level 1 in Ice Magic
  1523 | D:3      | Reached skill level 1 in Air Magic
  1523 | D:3      | Reached skill level 1 in Earth Magic
  1523 | D:3      | Reached skill level 1 in Poison Magic
  1530 | D:3      | Reached XP level 5. HP: 47/47 MP: 6/6
  2273 | D:4      | Noticed an orc warrior
  2281 | D:4      | Slain by an orc warrior

Illustrated notes

Levels and vault maps discovered:
D:1:      eino_arrival_druids_welcome, layout_basic
D:2:      layout_basic
D:3:      layout_loops_cross, first_ration, corexii_shack
D:4:      layout_loops_ring, lemuel_crystal_altar,
          minmay_temple_entry_stoned_glass, serial_park_tiny_1, uniq_eustachio

Skill      XL: |  1  2  3  4 |
---------------+-------------+-----
Invocations    | 1 |  1.8
Short Blades   | 1 |  1.6
Long Blades    | 1 |  1.6
Maces & Flails | 1 |  1.6
Polearms       | 1 |  1.6
Staves         | 1 |  1.6
Slings         | 1 |  1.6
Bows           | 1 |  1.6
Crossbows      | 1 |  1.6
Throwing       | 1 |  1.6
Dodging        | 1 |  1.6
Stealth        | 1 |  1.6
Unarmed Combat | 1 |  1.6
Spellcasting   | 1 |  1.6
Evocations     | 1 |  1.6
Conjurations   | 1 |  1.2
Hexes          | 1 |  1.2
Charms         | 1 |  1.2
Summonings     | 1 |  1.2
Necromancy     | 1 |  1.2
Translocations | 1 |  1.2
Transmutations | 1 |  1.2
Fire Magic     | 1 |  1.2
Ice Magic      | 1 |  1.2
Air Magic      | 1 |  1.2
Earth Magic    | 1 |  1.2
Poison Magic   | 1 |  1.2
Fighting       | |  6.7
Axes           | |  4.8
Armour         | |  6.7
Shields        | |  6.7

Action                   |  1- 3 |  4- 6 || total
-------------------------+-------+-------++-------
Melee: War axe           |    69 |   105 ||   174
       Bite              |     5 |    14 ||    19
  Use: Scroll            |     1 |     7 ||     8
  Eat: Chunk             |       |     4 ||     4
Armor: Scale mail        |    22 |    41 ||    63
Dodge: Dodged            |    16 |    23 ||    39
Block: Kite shield       |    43 |   101 ||   144
       Reflection        |       |     9 ||     9

Table legend:
 A = Non-vault XP
 B = Vault XP
 C = Vault XP percentage of total XP
 D = Non-vault monster count
 E = Vault monster count
 F = Vault count percentage of total count
                 A         B        C        D         E       F
            +---------+---------+-------+---------+---------+-------
      Total |     282 |       2 |   0.7 |      67 |       1 |   1.5
            +---------+---------+-------+---------+---------+-------
        D:1 |      45 |       0 |   0.0 |      24 |       0 |   0.0
        D:2 |      72 |       0 |   0.0 |      15 |       0 |   0.0
        D:3 |     120 |       2 |   1.6 |      26 |       1 |   3.7
        D:4 |      45 |       0 |   0.0 |       2 |       0 |   0.0
            +---------+---------+-------+---------+---------+-------
